 Dungeon Crawl Stone Soup version 0.31-a0-1098-g6898e6545c (webtiles) character file.

Game seed: 15075364093177329189

105046 gruber the Crack Shot (level 16, -11/84 HPs)
             Began as a Kobold Hunter on Nov 29, 2023.
             Was the Champion of Hepliaklqana.
             Shot with a bolt by an orc warlord (27 damage)
             ... on level 2 of the Orcish Mines on Nov 30, 2023.
             The game lasted 00:33:45 (24151 turns).

gruber the Crack Shot (Kobold Hunter)              Turns: 24151, Time: 00:33:46

Health: -11/84     AC: 13    Str:  9    XL:     16   Next: 94%
Magic:  9/9        EV: 34    Int: 11    God:    Hepliaklqana [******]
Gold:   2765       SH:  0    Dex: 31    Spells: 15/15 levels left

rFire   . . .        P - +3 arbalest (antimagic)
rCold   . . .        (shield currently unavailable)
rNeg    . . .        s - +3 leather armour {Will+}
rPois   +            S - +0 helmet
rElec   .            n - +2 cloak
rCorr   .            l - +0 pair of gloves
SInv    .            k - +0 pair of boots
Will    ++...        X - amulet of regeneration
Stlth   ++++++       G - ring of poison resistance
HPRegen 1.14/turn    E - +6 ring of dexterity
MPRegen 0.11/turn

%: no passive effects
@: no status effects
A: reduced essence, small, no large weapons, nightstalker 3
a: Renounce Religion, Recall Ancestor, Ancestor Identity, Transference, Idealise


You were on level 2 of the Orcish Mines.
You worshipped Hepliaklqana.
Hepliaklqana was exalted by your worship.
You visited 4 branches of the dungeon, and saw 23 of its levels.
You also visited: Sewer and Gauntlet.

You collected 2791 gold pieces.
You spent 26 gold pieces at shops.

Inventory:

Hand Weapons
 r - the +6 rapier of Feenoz {freeze, *Corrode rF+ Str+6 Int+3}
   (You found it on level 1 of the Lair of Beasts)

   Str+6:     It affects your strength (+6).
   Int+3:     It affects your intelligence (+3).
   rF+:       It protects you from fire.
   *Corrode:  It may corrode you when you take damage.
 N - the +3 flail "Nepyept" {flame, rElec Stlth+}
   (You found it in a Gauntlet)

   rElec:     It insulates you from electricity.
   Stlth+:    It makes you more stealthy.
 P - a +3 antimagic arbalest (weapon)
Missiles
 K - 3 curare-tipped darts
 R - 4 throwing nets
Armour
 k - a +0 pair of boots (worn)
 l - a +0 pair of gloves (worn)
 n - a +2 cloak (worn)
 s - a +3 leather armour of willpower (worn)
 S - a +0 helmet (worn)
Jewellery
 E - a +6 ring of dexterity (right hand)
 G - a ring of poison resistance (left hand)
 Q - a ring of flight
 V - a ring of resist corrosion
 X - an amulet of regeneration (around neck)
 Z - a ring of willpower
Wands
 m - a wand of flame (29)
 q - a wand of acid (4)
 u - a wand of paralysis (5)
 y - a wand of iceblast (28)
 O - a wand of digging (2)
 T - a wand of polymorph (9)
 U - a wand of mindburst (2)
Scrolls
 b - a scroll of butterflies
 c - 5 scrolls of teleportation {unknown}
 e - a scroll of fog
 f - a scroll of immolation
 h - 2 scrolls of amnesia {unknown}
 i - 4 scrolls of noise
 p - 9 scrolls of vulnerability {unknown}
 w - 4 scrolls of revelation {unknown}
 B - 6 scrolls of fear {unknown}
 C - 7 scrolls of enchant armour {unknown}
 H - 3 scrolls of poison
 I - 4 scrolls of blinking
 Y - 3 scrolls of summoning
Potions
 a - 3 potions of mutation
 d - 5 potions of enlightenment
 g - 7 potions of curing
 j - a potion of berserk rage
 o - 2 potions of cancellation
 t - 6 potions of lignification
 v - 4 potions of might
 x - 5 potions of haste
 z - 3 potions of resistance
 A - 2 potions of ambrosia
 D - 2 potions of attraction
 F - 7 potions of heal wounds
 J - 2 potions of magic
 L - 4 potions of brilliance
Miscellaneous
 W - a lightning rod (4/4)


   Skills:
 - Level 8.5 Fighting
 - Level 23.0 Ranged Weapons
 - Level 6.0 Armour
 * Level 16.6 Dodging
 - Level 9.6 Stealth
 - Level 15.0 Invocations


You had 15 spell levels left.
You didn't know any spells.
Your spell library contained the following spells:

 Spells                   Type           Power      Damage    Failure   Level
 Magic Dart               Conj           0%         1d3       43%         1
 Sting                    Tmut/Pois      0%         1d3       43%         1
 Cigotuvi's Dreadful Rot  Necr/Pois/Air  0%         N/A       56%         2
 Ensorcelled Hibernation  Hex/Ice        0%         N/A       56%         2
 Jinxbite                 Hex            0%         N/A       56%         2
 Searing Ray              Conj           0%         2d4       56%         2
 Wereblood                Tmut           0%         N/A       56%         2
 Ignite Poison            Fire/Tmut/Pois 0%         N/A       80%         3
 Inner Flame              Hex/Fire       0%         N/A       80%         3
 Anguish                  Hex/Necr       0%         N/A       99%         4
 Brom's Barrelling Bould  Conj/Erth      0%         2d3       99%         4
 Cause Fear               Hex            0%         N/A       99%         4
 Dispel Undead            Necr           0%         3d6       99%         4
 Fulminant Prism          Conj/Hex       0%         3d5       99%         4
 Leda's Liquefaction      Hex/Erth       0%         N/A       99%         4
 Olgreb's Toxic Radiance  Pois           0%         N/A       99%         4
 Sticky Flame             Conj/Fire      0%         2d3       99%         4
 Summon Lightning Spire   Summ/Air       0%         N/A       99%         4
 Alistair's Intoxication  Tmut/Pois      0%         N/A       100%        5
 Borgnjor's Vile Clutch   Necr/Erth      0%         N/A       100%        5
 Fireball                 Conj/Fire      0%         3d3       100%        5
 Irradiate                Conj/Tmut      0%         3d11      100%        5
 Iskenderun's Battlesphe  Conj           0%         2d6       100%        5
 Lee's Rapid Deconstruct  Erth           0%         3d4*      100%        5
 Yara's Violent Unravell  Hex/Tmut       0%         3d3       100%        5
 Bombard                  Conj/Erth      0%         9d1       100%        6
 Conjure Ball Lightning   Conj/Air       0%         3x3d6     100%        6
 Death Channel            Necr           0%         N/A       100%        6
 Eringya's Noxious Bog    Tmut/Pois      0%         4d6       100%        6
 Enfeeble                 Hex            0%         N/A       100%        7
 Orb of Destruction       Conj           0%         9d5       100%        7
 Discord                  Hex            0%         N/A       100%        8
 Ignition                 Fire           0%         3d3       100%        8
 Summon Horrible Things   Summ           0%         N/A       100%        8


Dungeon Overview and Level Annotations

Branches:
Dungeon (15/15)            Temple (1/1) D:6            Lair (5/5) D:9
 Shoals (0/4) Lair:3        Snake (0/4) Lair:2        Slime (0/5) Lair:5
    Orc (2/2) D:9          Vaults (0/5) D:13         Depths (0/4) D:15
  Sewer (visited)         Gauntlet (visited)
    Elf: Orc:2

Altars:
Ashenzari
Cheibriados
Dithmenos
Elyvilon
Fedhas
Gozag
Hepliaklqana
Kikubaaqudgha
Makhleb
Nemelex Xobeh
Okawaru
Qazlal
Ru
Sif Muna
Trog
Uskayaw
Vehumet
Wu Jian
Xom
Yredelemnul
Zin
The Shining One
Jiyva

Shops:
Orc:2 *:*

Annotations:
D:4 2 transporters, Menkaure
D:6 1 runed translucent door, Maratek's ghost, novice MiFi
D:10 3 runed translucent doors, AceOff's ghost, journeyman FoFi
D:12 3 runed translucent doors, NigelTetley's ghost, journeyman FoFi
Lair:5 2 runed translucent doors, MrCrawl's ghost, journeyman DrFE


Innate Abilities, Weirdness & Mutations

Your life essence is reduced to manifest your ancestor. (-10% HP)
You are small and have problems with some larger weapons.
You are completely attuned to the shadows.


Message History

The bolt completely misses you. Æðelind hits the orc warlord with a +0 broad axe of flaming!! Æðelind burns the orc warlord. Æðelind closely misses the orc warrior.
The orc warrior completely misses you.
You shoot a bolt. Æðelind avoids your attack.
The bolt hits the orc warlord!!!
The orc warlord is severely wounded.
The orc warlord unwields a +0 arbalest.
The orc warlord wields a +0 glaive.
The orc warlord hits Æðelind with a +0 glaive!! Æðelind is destroyed!
The orc warrior hits you from afar with a +0 halberd!
The ynoxinul gestures.
You shoot a bolt. The bolt hits the orc warlord!
The orc warlord is almost dead.
The orc sorcerer no longer looks unusually strong.
The orc warlord roars a battlecry!
The orc sorcerer goes into a battle-frenzy!
The orc warrior completely misses you.
Unknown command.
You shoot a bolt. The bolt hits the orc sorcerer!!
The orc sorcerer's magic leaks into the air.
The orc sorcerer is severely wounded.
The orc warlord unwields a +0 glaive.
The orc warlord wields a +0 arbalest.
The orc warlord shoots a bolt.
The bolt hits you!
The orc warrior hits you from afar with a +0 halberd!!
* * * LOW HITPOINT WARNING * * *
The orc sorcerer falters for a moment.
The ynoxinul gestures.
Unknown command.
Unknown command.
Fire: P) +3 arbalest (antimagic)
Press: ? - help, Q - select action, (/) - cycle Shift-Dir - straight line, f/p - orc sorcerer
Aim: an orc sorcerer, wielding a +0 dagger and wearing a +2 robe (severely wounded, strong, magic disrupted, 72% to hit)
You shoot a bolt. The bolt hits the orc sorcerer!
You kill the orc sorcerer!
The ynoxinul disappears in a puff of smoke!
The ufetubus disappears in a puff of smoke!
The ufetubus disappears in a puff of smoke! x4
The orc warrior completely misses you.
The orc warlord shoots a bolt.
The bolt hits you!!
You die...

...8.8..)....### ##...##
...............####.....#
#.......##......##..)....
........###......)......
.8.8..§..###...))).8...
.....§§....###.).......
....oo.§....####.......
#..)#§)§))...####.....#
#8o8##@...)...####...##
.h.. ####.))...#######
.o.. ###)....## ##.....##
##).....## #........#
#........# #....∩...#
##.......#


You could see an orc warlord and an orc warrior (strong).

Vanquished Creatures
  An orc warlord (D:9)
  Nessos (Lair:4)
  A minotaur (Gauntlet)
  Fannar (D:10)
  3 hydras
  A rakshasa (D:15)
  A vault guard (D:13)
  An ogre mage (D:14)
  A ghost crab (Gauntlet)
  2 centaur warriors
  11 two-headed ogres
  A catoblepas (D:14)
  2 boulder beetles
  A death knight (D:14)
  2 death yaks (Lair:3)
  Urug (D:11)
  A soul eater (Gauntlet)
  2 orc high priests (Orc:2)
  2 skysharks
  A wretched star (Gauntlet)
  Lodul (D:10)
  2 phantasmal warriors (D:14)
  A steelbarb worm (shapeshifter) (D:13)
  4 orc knights
  3 orc sorcerers (Orc:2)
  3 oklob plants (Lair:3)
  22 ugly things
  5 cyclopes
  5 elephants (Lair:4)
  3 manticores
  Maurice (D:8)
  A merfolk siren (Lair:3)
  A water nymph (D:15)
  A gargoyle (D:10)
  A torpor snail (Lair:3)
  Maggie (D:8)
  2 rime drakes (Lair:4)
  18 cane toads
  3 efreet
  2 komodo dragons
  2 freezing wraiths (D:14)
  8 trolls
  A queen bee (Gauntlet)
  2 polar bears
  A raiju (shapeshifter) (D:15)
  14 blink frogs
  3 tyrant leeches (Lair:5)
  A blink frog (shapeshifter) (D:15)
  5 dream sheep
  13 slime creatures
  3 shadows
  7 wyverns
  5 wraiths
  Grum (D:8)
  A neqoxec (Gauntlet)
  Eustachio (D:5)
  23 yaks
  6 basilisks
  2 steam dragons (D:7)
  12 vampire mosquitoes
  4 nagas (Lair:2)
  5 wargs
  2 acid dragons
  11 water moccasins
  23 orc warriors
  Duvessa (D:6)
  5 black bears
  An ice beast (D:6)
  2 sky beasts
  33 ogres
  3 small abominations (Gauntlet)
  6 centaurs
  2 phantoms (D:5)
  6 wolves
  13 bullfrogs
  7 kobold brigands
  2 gnoll sergeants
  3 scorpions
  19 wights
  Dowan (D:6)
  16 killer bees
  4 howler monkeys
  3 electric eels
  4 hounds
  16 orc priests
  7 jellies
  3 sleepcaps
  5 iguanas
  17 orc wizards
  An ogre zombie (D:14)
  11 adders
  13 gnolls
  A shadow imp (Gauntlet)
  2 white imps
  2 ufetubi (D:5)
  A worm (D:3)
  A dart slug (D:1)
  73 orcs
  6 ball pythons
  4 endoplasms
  5 giant cockroaches
  15 goblins
  9 hobgoblins
  5 jackals
  18 kobolds
  2 quokkas
  6 bats
  2 frilled lizards (D:1)
  5 rats
  A butterfly (D:6)
635 creatures vanquished.

Vanquished Creatures (collateral kills)
  Jorgrun (D:14)
  A slime creature (D:14)
  Josephine (D:14)
  A hydra (Lair:2)
  Erica (Lair:1)
  A two-headed ogre (D:14)
  2 death yaks (Lair:3)
  An orc high priest (Orc:2)
  A thrashing horror (Gauntlet)
  A skyshark (Lair:4)
  2 orc knights (Orc:2)
  6 ugly things
  A manticore (D:13)
  A cyclops (D:14)
  2 elephants (Lair:4)
  A torpor snail (Lair:3)
  A black mamba (Lair:4)
  6 cane toads
  A merfolk siren (Lair:3)
  An unseen horror (D:11)
  A rime drake (Lair:3)
  A komodo dragon (Lair:3)
  A troll (Orc:1)
  A tyrant leech (Lair:5)
  3 dream sheep (Lair:4)
  5 blink frogs
  11 yaks
  3 wyverns
  A wraith (D:14)
  3 basilisks
  A golden eye (Lair:3)
  2 vampire mosquitoes
  3 wargs (Orc:2)
  A water moccasin (Lair:4)
  9 orc warriors
  6 ogres
  2 bullfrogs (Lair:1)
  A gnoll bouda (Lair:4)
  6 orc priests
  2 orc wizards (Orc:2)
  A shadow imp (Gauntlet)
  21 orcs
118 creatures vanquished.

Vanquished Creatures (others)
  12 knights
  3 ancestors (D:10)
15 creatures vanquished.

Grand Total: 768 creatures vanquished

Notes
Turn   | Place    | Note
-------+----------+-------------------------------------------
     0 | D:1      | gruber the Kobold Hunter began the quest for the Orb.
     0 | D:1      | Reached XP level 1. HP: 12/12 MP: 1/1
    74 | D:1      | Reached XP level 2. HP: 16/17 MP: 2/2
   226 | D:1      | Reached skill level 6 in Ranged Weapons
   316 | D:1      | Reached XP level 3. HP: 21/21 MP: 3/3
   393 | D:1      | Got Sube Oco's Quarto of the Massed Gestalt
  1261 | D:2      | Found a faded altar of an unknown god.
  1502 | D:2      | Reached skill level 7 in Ranged Weapons
  1502 | D:2      | Reached XP level 4. HP: 24/26 MP: 4/4
  2062 | D:3      | Found a shadowy altar of Dithmenos.
  2145 | D:3      | Reached XP level 5. HP: 25/30 MP: 5/5
  2336 | D:3      | Reached skill level 8 in Ranged Weapons
  2915 | D:4      | Found an ancient bone altar of Kikubaaqudgha.
  2929 | D:4      | Found a transporter.
  2942 | D:4      | Found a transporter.
  2946 | D:4      | Noticed a phantom
  3191 | D:4      | Noticed an ogre
  3200 | D:4      | Killed an ogre
  3201 | D:4      | Reached skill level 9 in Ranged Weapons
  3201 | D:4      | Reached XP level 6. HP: 16/35 MP: 6/6
  3330 | D:4      | Found a basalt altar of Yredelemnul.
  3331 | D:4      | Noticed Menkaure
  3648 | D:5      | Entered Level 5 of the Dungeon
  3665 | D:5      | Reached skill level 10 in Ranged Weapons
  3706 | D:5      | Reached XP level 7. HP: 35/40 MP: 7/7
  3829 | D:5      | Reached skill level 11 in Ranged Weapons
  4141 | D:5      | Noticed Eustachio
  4168 | D:5      | Killed Eustachio
  4169 | D:5      | Reached skill level 12 in Ranged Weapons
  4169 | D:5      | Reached XP level 8. HP: 16/44 MP: 8/8
  4620 | D:6      | Found a runed translucent door.
  4627 | D:6      | Reached skill level 5 in Dodging
  4628 | D:6      | Found a shimmering altar of Xom.
  4628 | D:6      | Noticed Maratek's ghost (novice MiFi)
  4628 | D:6      | Found the +6 lightning scales {swift, rElec}
  4629 | D:6      | Noticed a +0 dagger of chaos
  4826 | D:6      | Noticed Dowan
  4930 | D:6      | Noticed Duvessa
  4947 | D:6      | Killed Duvessa
  4949 | D:6      | Killed Dowan
  4966 | D:6      | Found a glowing drain.
  5094 | Sewer    | Entered a sewer
  5194 | Sewer    | Reached XP level 9. HP: 42/48 MP: 9/9
  5769 | D:6      | Reached skill level 10 in Dodging
  6042 | D:6      | Found a staircase to the Ecumenical Temple.
  6686 | D:7      | Reached XP level 10. HP: 58/58 MP: 10/10
  6714 | D:7      | Reached skill level 5 in Fighting
  7677 | D:7      | Found a sparkling altar of Nemelex Xobeh.
  8074 | Temple   | Entered the Ecumenical Temple
  8089 | Temple   | Became a worshipper of Hepliaklqana the Forgotten
  8400 | D:8      | Noticed Grum
  8417 | D:8      | Killed Grum
  8570 | D:8      | Noticed Maurice
  8580 | D:8      | Paralysed by Maurice for 2 turns
  8596 | D:8      | Killed Maurice
  8597 | D:8      | Reached skill level 13 in Ranged Weapons
  8751 | D:8      | Found a glowing silver altar of Zin.
  8821 | D:8      | Noticed Maggie
  8839 | D:8      | Killed Maggie
  8939 | D:8      | Identified the +8 hand axe "Dikupn" {distort, rF++ rC- rN+
                  | Stlth+}
  9213 | D:9      | Reached skill level 14 in Ranged Weapons
  9217 | D:9      | Reached XP level 11. HP: 56/69 MP: 11/11
  9316 | D:9      | Reached skill level 15 in Ranged Weapons
  9686 | D:9      | Found a staircase to the Orcish Mines.
  9715 | D:9      | Reached skill level 16 in Ranged Weapons
  9861 | D:9      | Found a staircase to the Lair.
  9920 | D:9      | Reached * piety under Hepliaklqana
  9939 | D:9      | Identified the +0 ring mail of Uqiety {Dex+2 Slay+2}
 10174 | D:10     | Entered Level 10 of the Dungeon
 10219 | D:10     | Noticed Fannar
 10223 | D:10     | Killed Fannar
 10224 | D:10     | Reached skill level 17 in Ranged Weapons
 10622 | D:10     | Noticed a two-headed ogre
 10625 | D:10     | Killed a two-headed ogre
 10636 | D:10     | Noticed Lodul
 10640 | D:10     | Killed Lodul
 10676 | D:10     | Noticed a centaur warrior
 10679 | D:10     | Killed a centaur warrior
 10680 | D:10     | Reached skill level 18 in Ranged Weapons
 10759 | D:10     | Reached XP level 12. HP: 57/67 MP: 12/12
 10880 | D:10     | Reached skill level 1 in Armour
 10955 | D:10     | Found a viscous altar of Jiyva.
 11012 | D:10     | Found a runed translucent gate.
 11013 | D:10     | Found a runed translucent gate.
 11014 | D:10     | Found a runed translucent gate.
 11014 | D:10     | Noticed a 12-headed hydra
 11015 | D:10     | Noticed a ten-headed hydra
 11020 | D:10     | Noticed AceOff's ghost (journeyman FoFi)
 11299 | D:11     | Noticed Urug
 11302 | D:11     | Killed Urug
 11305 | D:11     | Noticed a two-headed ogre
 11309 | D:11     | Killed a two-headed ogre
 11473 | D:11     | Reached skill level 5 in Armour
 11630 | D:11     | Noticed a two-headed ogre
 11633 | D:11     | Killed a two-headed ogre
 12048 | D:11     | Found a shimmering blue altar of Sif Muna.
 12186 | D:12     | Identified the +3 rapier of Noasam {antimagic, rF+ Int+2}
 12283 | D:12     | Reached ** piety under Hepliaklqana
 12291 | D:12     | Found a runed translucent gate.
 12291 | D:12     | Found a runed translucent gate.
 12291 | D:12     | Found a runed translucent gate.
 12293 | D:12     | Noticed an azure jelly
 12394 | D:12     | Found a gate leading to a gauntlet.
 12418 | Gauntlet | Entered a Gauntlet
 12418 | Gauntlet | Found a transporter.
 12431 | Gauntlet | Found a transporter.
 12443 | Gauntlet | Found a transporter.
 12456 | Gauntlet | Found a transporter.
 12469 | Gauntlet | Found a transporter.
 12475 | Gauntlet | Noticed a wretched star
 12476 | Gauntlet | Found a runed translucent gate.
 12485 | Gauntlet | Found a transporter.
 12485 | Gauntlet | Found a runed translucent gate.
 12486 | Gauntlet | Found a runed translucent gate.
 12515 | Gauntlet | Noticed a ghost crab
 12533 | Gauntlet | Noticed a soul eater
 12649 | Gauntlet | Noticed a thrashing horror
 12652 | Gauntlet | Remembered your ancestor Æðelind as a knight
 12692 | Gauntlet | Found a transporter.
 12700 | Gauntlet | Found a transporter.
 12707 | Gauntlet | Reached XP level 13. HP: 71/71 MP: 13/13
 12776 | Gauntlet | Found a transporter.
 12787 | Gauntlet | Found a transporter.
 12809 | Gauntlet | Found a transporter.
 12820 | Gauntlet | Found a transporter.
 12836 | Gauntlet | Found a transporter.
 12839 | Gauntlet | Killed a ghost crab
 12843 | Gauntlet | Found a transporter.
 12877 | Gauntlet | Identified the +3 flail "Nepyept" {flame, rElec Stlth+}
 12895 | Gauntlet | Identified the amulet of Yendor {Contam Rampage Regen+
                  | Int+2 Dex+4}
 12895 | Gauntlet | Noticed a minotaur
 13317 | Gauntlet | Killed a minotaur
 13755 | D:12     | Noticed a rockslime
 13755 | D:12     | Noticed NigelTetley's ghost (journeyman FoFi)
 13755 | D:12     | Noticed an acid blob
 13755 | D:12     | Noticed an acid blob
 13880 | D:13     | Reached skill level 15 in Dodging
 14330 | D:13     | Reached *** piety under Hepliaklqana
 14474 | D:13     | Noticed a six-headed hydra
 14484 | D:13     | Killed a six-headed hydra
 14489 | D:13     | Reached skill level 5 in Stealth
 14496 | D:13     | Noticed a vault guard
 14542 | D:13     | Killed a vault guard
 14657 | D:13     | Found a gate to the Vaults.
 15132 | D:14     | Found a broken altar of Ashenzari.
 15205 | D:14     | Reached XP level 14. HP: 46/75 MP: 14/14
 15214 | D:14     | Reached skill level 1 in Invocations
 15314 | D:14     | Noticed Jorgrun
 15328 | D:14     | Killed Jorgrun
 15329 | D:14     | Reached skill level 5 in Invocations
 15704 | D:14     | Reached skill level 10 in Invocations
 15933 | D:14     | Noticed Josephine
 15938 | D:14     | Killed Josephine
 16020 | D:15     | Entered Level 15 of the Dungeon
 16235 | D:15     | Reached XP level 15. HP: 57/80 MP: 23/23
 16272 | D:15     | Found a staircase to the Depths.
 17406 | Lair:1   | Entered Level 1 of the Lair of Beasts
 17435 | Lair:1   | Reached **** piety under Hepliaklqana
 17623 | Lair:1   | Noticed Erica
 17628 | Lair:1   | Killed Erica
 17634 | Lair:1   | You fall into a shaft and drop 1 floor!
 17796 | Lair:1   | Identified the +6 rapier of Feenoz {freeze, *Corrode rF+
                  | Str+6 Int+3}
 18727 | Lair:2   | Reached ***** piety under Hepliaklqana
 19210 | Lair:2   | Found a staircase to the Snake Pit.
 19453 | Lair:3   | Reached skill level 15 in Invocations
 19607 | Lair:3   | Reached skill level 19 in Ranged Weapons
 19730 | Lair:3   | Identified a scroll of acquirement
 19731 | Lair:3   | Acquired a +3 antimagic arbalest
 19879 | Lair:3   | Found a staircase to the Shoals.
 20374 | Lair:4   | Reached XP level 16. HP: 81/84 MP: 9/27
 20384 | Lair:4   | Reached skill level 20 in Ranged Weapons
 20505 | Lair:4   | Noticed Nessos
 20518 | Lair:4   | Killed Nessos
 20919 | Lair:5   | Entered Level 5 of the Lair of Beasts
 21178 | Lair:5   | Reached skill level 21 in Ranged Weapons
 21254 | Lair:5   | Identified the +1 robe of Understanding {MP+9}
 21476 | Lair:5   | Noticed MrCrawl's ghost (journeyman DrFE)
 21612 | Lair:5   | Found a runed translucent door.
 21613 | Lair:5   | Found a viscous altar of Jiyva.
 21614 | Lair:5   | Noticed an acid blob
 21618 | Lair:5   | Found a staircase to the Slime Pits.
 21661 | Lair:5   | Found a runed translucent door.
 21694 | Lair:5   | Reached ****** piety under Hepliaklqana
 22374 | Orc:1    | Entered Level 1 of the Orcish Mines
 22459 | D:9      | Reached skill level 22 in Ranged Weapons
 23053 | Orc:2    | Entered Level 2 of the Orcish Mines
 23477 | Orc:2    | Found Kiolinof's Book Boutique.
 23488 | Orc:2    | Found Deifoosk's Assorted Antiques.
 23630 | Orc:2    | Reached skill level 23 in Ranged Weapons
 23661 | Orc:2    | Upgraded the game from 0.31-a0-1096-g246cf0196b to
                  | 0.31-a0-1098-g6898e6545c
 24085 | Orc:2    | Found Teri Lill's General Store.
 24093 | Orc:2    | Bought a scroll of identify for 26 gold pieces
 24151 | Orc:2    | Shot with a bolt by an orc warlord

Illustrated notes

Levels and vault maps discovered:
D:1:      amcnicky_arrival_underground_garden, layout_basic
D:2:      layout_basic, basic_ecumenical_altar, minivault_19
D:3:      layout_loops_corners, nicolae_overflow_crystal_walls,
          guppyfry_early_orc_mine
D:4:      layout_basic, gammafunk_temple_of_torment, minmay_misc_feat_cross,
          minmay_quantized
D:5:      layout_cave_pools, hangedman_glass_teeth, minmay_ogre_servants,
          uniq_eustachio
D:6:      layout_loops_ring, minmay_temple_entry_butterflies, ebering_ghost_xom,
          gup_sewer_entry_glass, chequers_garden, uniq_duvessa
D:7:      layout_layer_cave, mainiacjoe_overflow_catwalk
D:8:      layout_basic, kennysheep_little_box, uniq_grum, uniq_maggie,
          uniq_maurice
D:9:      layout_cave_pools, minmay_lair_entry_grove, david_orc_2,
          enter_bailey_4
D:10:     layout_rooms, gammafunk_ghost_hydra_chop, kennysheep_donut,
          chequers_serial_rivers_large_a, jiyva_altar_1, uniq_fannar, uniq_lodul
D:11:     layout_small_grid, hellmonk_sif_muna_bookshelves, uniq_urug
D:12:     layout_rooms, gauntlet_entry_generic, gammafunk_ghost_ooze,
          skrybe_limestone_x
D:13:     layout_stronghold, david_vaults_5
D:14:     lemuel_ogre_cave, layout_loops_ring, infiniplex_staircase_squiggle,
          cheibrodos_ashenzari_chains, uniq_jorgrun, uniq_josephine
D:15:     hangedman_depths_entry_try_elsewhere_first, layout_irregular_city,
          small_statue_intersection
Temple:   bh_familiar_temple
Lair:1:   layout_cave_pods, grunt_forest_small_clearing_treed, uniq_erica
Lair:2:   layout_gridlike, minmay_snake_entry_guardpost_small,
          serial_bayou_shore_b
Lair:3:   layout_regular_city, elwin_shoals_entry_rooms, disabler_island,
          grunt_megastairs_4, lemuel_fruit_tree, infiniplex_staircase_pool
Lair:4:   layout_hall_layers, dreamdust_gnoll_shepherd, grunt_megastairs_5,
          uniq_nessos
Lair:5:   minmay_lair_end_frog_pond, layout_layer_cave, slime_entry_2,
          hellmonk_ghost_happy_afterlife
Orc:1:    layout_caves
Orc:2:    pubby_orc_utopia, serial_shops

Skill      XL: |  1  2  3  4  5  6  7  8  9 10 11 12 13 14 15 16 |
---------------+-------------------------------------------------+-----
Ranged Weapons | 6 7 9 10 12 14 18 19 23 | 23.0
Dodging        | 7 11 12 16 | 16.6
Fighting       | 4 8 |  8.5
Armour         | 6 |  6.0
Stealth        | 9 |  9.6
Invocations    | 11 15 | 15.0

Action                     |  1- 3 |  4- 6 |  7- 9 | 10-12 | 13-15 | 16-18 || total
---------------------------+-------+-------+-------+-------+-------+-------++-------
  Melee: Short sword       |       |       |       |     8 |       |       ||     8
         Punch             |       |       |       |     2 |       |       ||     2
         Shortbow          |       |       |       |     1 |       |       ||     1
   Fire: Shortbow          |    72 |   117 |   373 |   223 |       |       ||   785
         Orcbow            |       |       |       |   294 |   613 |       ||   907
         Arbalest          |       |       |       |       |    53 |   506 ||   559
 Invoke: Ancestor Life: Kn |       |       |       |     1 |       |       ||     1
         Ancestor Identity |       |       |       |       |     1 |       ||     1
  Evoke: Wand              |       |       |       |     1 |     4 |       ||     5
    Use: Potion            |       |       |     1 |       |       |       ||     1
         Scroll            |       |       |       |       |    22 |     1 ||    23
   Stab: Paralysed         |       |       |       |     8 |       |       ||     8
 Armour: Leather armour    |    11 |    23 |   112 |   107 |    66 |    53 ||   372
  Dodge: Dodged            |    26 |    29 |   253 |   347 |   255 |   269 ||  1179

Table legend: (Time is in decaauts)
 A = Elapsed time spent in this place.
 B = Non-inter-level travel time spent in this place.
 C = Inter-level travel time spent in this place.
 D = Time resting spent in this place.
 E = Time spent auto-exploring this place.
 F = Levels seen in this place.
 G = Mean time per level.
                   A        B        C        D        E       F      G
               +--------+--------+--------+--------+--------+-----+--------+
         Total |  24311 |  23034 |   1277 |    928 |  17965 |  25 |  972.4 |
       Dungeon |  16091 |  15173 |    918 |    430 |  12215 |  15 | 1072.7 |
        Temple |     29 |      1 |     28 |      0 |      0 |   1 |   29.0 |
          Lair |   5032 |   4772 |    260 |      0 |   4044 |   5 | 1006.4 |
  Orcish Mines |   1722 |   1652 |     70 |     69 |   1130 |   2 |  861.0 |
         Sewer |    430 |    430 |      0 |      0 |    330 |   1 |  430.0 |
      Gauntlet |   1004 |   1004 |      0 |    429 |    244 |   1 | 1004.0 |
               +--------+--------+--------+--------+--------+-----+--------+

Top non-repeatable levels by time:
     D:7: 1665 daAuts
     D:6: 1545 daAuts
  Lair:5: 1368 daAuts
    D:15: 1265 daAuts
    D:14: 1192 daAuts
     D:3: 1131 daAuts
    D:13: 1116 daAuts
  Lair:1: 1106 daAuts
     D:9: 1095 daAuts
   Orc:2: 1060 daAuts
    D:10: 1049 daAuts
  Lair:3: 1044 daAuts
Gauntlet: 1004 daAuts
    D:11: 981 daAuts
     D:8: 966 daAuts
